 Dungeon Sprint DCSS version 0.23-a0-860-g8ff03fb (webtiles) character file.

61 gruber the Shield-Bearer (level 4, 0/31 HPs)
             Began as a Gargoyle Fighter on Jan 27, 2019.
             Slain by a worker ant (1 damage)
             ... in the Dungeon (Sprint IX: "|||||||||||||||||||||||||||||").
             The game lasted 00:00:40 (47 turns).

gruber the Shield-Bearer (Gargoyle Fighter)           Turns: 47, Time: 00:00:41

Health: 0/31       AC: 11    Str: 26    XL:     4   Next: 7%
Magic:  4/4        EV:  8    Int:  8    God:
Gold:   0          SH: 10    Dex:  9    Spells: 3/3 levels left

rFire    . . .     SeeInvis .   a - +0 flail
rCold    . . .     Gourm    .   c - +0 shield
rNeg     + . .     Faith    .   b - +0 scale mail
rPois    ∞         Spirit   .   (no helmet)
rElec    +         Reflect  .   (no cloak)
rCorr    .         Harm     .   (no gloves)
MR       .....     NoTele   +   (no boots)
Stlth    ..........             (no amulet)
HPRegen  0.10/turn              (no ring)
MPRegen  0.09/turn              (no ring)

@: mighty
A: negative energy resistance 1, electricity resistance, unbreathing,
petrification resistance, rot immunity, AC +3
a: no special abilities


You were in the Dungeon.
You were not hungry.

You visited 1 branch

Inventory:

Hand Weapons
 a - a +0 flail (weapon)
Armour
 b - a +0 scale mail (worn)
 c - a +0 shield (worn)
Scrolls
 k - a scroll of blinking
Potions
 e - a potion of curing
 g - a potion of heal wounds
 h - a potion of haste
 i - 2 potions of magic
 j - a potion of berserk rage
Comestibles
 f - a ration


   Skills:
 + Level 5.2 Fighting
 + Level 4.0 Maces & Flails
 + Level 5.2 Armour
 + Level 5.4 Shields


You had 3 spell levels left.
You didn't know any spells.
Your spell library was empty.

Dungeon Overview and Level Annotations

Branches:
Dungeon (1/1)

Altars:


Innate Abilities, Weirdness & Mutations

You are resistant to torment.
Your stone body is resilient. (AC +3)
You are immune to poison.
You resist negative energy. (rN+)
You are resistant to electric shocks. (rElec)
You can survive without breathing.
You are immune to petrification.
You are immune to rotting.


Message History

The howler monkey hits you but does no damage.
The howler monkey hits you.
* * * LOW HITPOINT WARNING * * *
You hit the howler monkey.
You kill the howler monkey!
Your Fighting skill increases to level 5!
Your Maces & Flails skill increases to level 4!
Your Armour skill increases to level 5!
Your Shields skill increases to level 5!
You have reached level 4!
You feel stronger.
Unknown command.
Unknown command.
Unknown command.
You barely miss the worker ant.
The worker ant bites you but does no damage. x2
Your shield prevents you from hitting the worker ant.
The worker ant bites you but does no damage.
The worker ant bites you.
You die...

▓.▓
▓.▓
▓.▓
▓)▓
▓†▓
▓.▓
▓.▓
▓.▓
▓@▓
▓a▓
▓s▓
▓S▓
▓.▓
▓.▓
▓.▓
▓+▓


You could see a worker ant, an adder and a giant cockroach.

Vanquished Creatures
  A howler monkey (D)
  A worker ant (D)
  A bat (D)
  A goblin (D)
  A frilled lizard (D)
  2 rats (D)
7 creatures vanquished.

Notes
Turn   | Place    | Note
-------+----------+-------------------------------------------
     0 | D        | gruber the Gargoyle Fighter began the quest for the Orb.
     0 | D        | Reached XP level 1. HP: 14/14 MP: 1/1
    20 | D        | Noticed a worker ant
    20 | D        | Noticed a howler monkey
    20 | D        | Noticed a worker ant
    38 | D        | Killed a worker ant
    38 | D        | Reached XP level 2. HP: 11/20 MP: 2/2
    38 | D        | Reached XP level 3. HP: 13/24 MP: 3/3
    44 | D        | HP: 1/24 [howler monkey (5)]
    45 | D        | Reached skill level 5 in Fighting
    45 | D        | Reached skill level 5 in Armour
    45 | D        | Reached skill level 5 in Shields
    45 | D        | Reached XP level 4. HP: 1/31 MP: 4/4
    47 | D        | Slain by a worker ant

Vault maps used:
D:        linesprint

Skill      XL: |  1  2  3 |
---------------+----------+-----
Fighting       | 4 5 |  5.2
Maces & Flails | 3 4 |  4.0
Armour         | 4 5 |  5.2
Shields        | 4 5 |  5.4

Action                   |  1- 3 |  4- 6 || total
-------------------------+-------+-------++-------
Melee: Flail             |    34 |     2 ||    36
  Use: Potion            |     1 |       ||     1
Armor: Scale mail        |    14 |     3 ||    17
Dodge: Dodged            |     7 |       ||     7
Block: Shield            |    19 |       ||    19

Table legend:
 A = Non-vault XP
 B = Vault XP
 C = Vault XP percentage of total XP
 D = Non-vault monster count
 E = Vault monster count
 F = Vault count percentage of total count
                 A         B        C        D         E       F
            +---------+---------+-------+---------+---------+-------
      Total |       0 |      88 | 100.0 |       0 |       7 | 100.0
            +---------+---------+-------+---------+---------+-------
          D |       0 |      88 | 100.0 |       0 |       7 | 100.0
            +---------+---------+-------+---------+---------+-------
